 Seeded DCSS version 0.30-a0-830-gfe289a77b0 (webtiles) character file.

Game seed: 9584969576347750076 (custom seed)

123808 a11behringer the Tortoise (level 16, -12/158 HPs)
             Began as a Minotaur Berserker on Feb 21, 2023.
             Was an Elder of Trog.
             Killed from afar by a deep elf knight (21 damage)
             ... with a lance of force
             ... while paralysed by a jorogumo
             ... on level 2 of the Elven Halls on Mar 1, 2023.
             The game lasted 01:23:43 (23451 turns).

a11behringer the Tortoise (Minotaur Berserker)     Turns: 23451, Time: 01:23:44

Health: -12/158    AC: 31    Str: 32    XL:     16   Next: 37%
Magic:  0/15       EV:  2    Int: 10    God:    Trog [****..]
Gold:   2512       SH:  0    Dex: 14    Spells: 15/15 levels left

rFire   + . .      SeeInvis +    n - +11 mace "Hoffinits" {freeze, rPois rC++ rCorr Dex-5}
rCold   + + +      Faith    .    S - +1 kite shield {rC+}
rNeg    . . .      Spirit   +    r - +0 crystal plate armour {rC+}
rPois   +          Reflect  .    M - +0 mask of the Dragon {Will+ Slay+3 SInv}
rElec   .          Harm     .    B - scarf {rC+ rF+}
rCorr   +          Rampage  .    X - +2 pair of gloves {Dex+3}
Will    +++..                    (no boots) Stlth
                                 o - amulet of guardian spirit
HPRegen 0.46/turn                D - ring of Spite {Str+5 Int+6 Dex+3}
MPRegen 0.14/turn                W - ring of willpower

@: paralysed, studying Fighting
A: horns 2, retaliatory headbutt
a: Renounce Religion, Berserk, Trog's Hand, Brothers in Arms


You were on level 2 of the Elven Halls.
You worshipped Trog.
Trog was greatly pleased with you.
You visited 4 branches of the dungeon, and saw 24 of its levels.
You also visited: Bailey and Ice Cave.

You collected 4098 gold pieces.
You spent 1586 gold pieces at shops.

Inventory:

Hand Weapons
 h - a +5 antimagic morningstar
 n - the +11 mace "Hoffinits" (weapon) {freeze, rPois rC++ rCorr Dex-5}
   (You found it on level 2 of the Dungeon)

   Dex:       It affects your dexterity (-5).
   rC:        It greatly protects you from cold.
   rPois:     It protects you from poison.
   rCorr:     It protects you from acid and corrosion.
 I - a +3 demon whip of flaming
 Q - a +2 triple crossbow of freezing
Armour
 d - +0 storm dragon scales
 p - +0 fire dragon scales
 r - a +0 crystal plate armour of cold resistance (worn)
 A - a +0 tower shield
 B - a scarf of resistance (worn)
 C - a +0 cloak of stealth
 M - the +0 mask of the Dragon (worn) {Will+ Slay+3 SInv}
   (You bought it in a shop on level 3 of the Dungeon)

   Slay:      It affects your accuracy & damage with ranged weapons and melee
   (+3).
   SInv:      It lets you see invisible.
   Will:      It increases your willpower.
 S - a +1 kite shield of cold resistance (worn)
 X - a +2 pair of gloves of dexterity (worn)
Jewellery
 a - a +5 ring of evasion
 o - an amulet of guardian spirit (around neck)
 u - the ring "Unyl" {rCorr Str+4}
   (You found it on level 4 of the Dungeon)

   [ring of resist corrosion]

   Str:       It affects your strength (+4).
   rCorr:     It protects you from acid and corrosion.
 w - a +4 ring of protection
 y - a +6 ring of strength
 D - the ring of Spite (left hand) {Str+5 Int+6 Dex+3}
   (You found it in an ice cave)

   [ring of intelligence]

   Str:       It affects your strength (+5).
   Int:       It affects your intelligence (+6).
   Dex:       It affects your dexterity (+3).
 N - a ring of flight
 W - a ring of willpower (right hand)
 Y - a +4 ring of protection
Wands
 e - a wand of paralysis (24)
 l - a wand of mindburst (14)
 v - a wand of iceblast (19)
 P - a wand of digging (6)
 T - a wand of acid (9)
 U - a wand of flame (20)
Scrolls
 c - 9 scrolls of enchant armour
 f - 5 scrolls of fog
 q - 12 scrolls of teleportation
 s - a scroll of fear
 x - 5 scrolls of enchant weapon
 G - 4 scrolls of poison
 R - a scroll of magic mapping
Potions
 b - 3 potions of ambrosia {unknown}
 i - 4 potions of invisibility
 j - a potion of berserk rage {unknown}
 k - 9 potions of haste
 t - 5 potions of attraction
 z - 11 potions of curing
 E - 5 potions of might
 F - 3 potions of cancellation
 H - 2 potions of experience {unknown}
 J - 2 potions of lignification
 L - a potion of mutation {unknown}
 O - 4 potions of magic
 Z - 2 potions of flight {unknown}
Miscellaneous
 g - a tin of tremorstones (2/2)
 m - a box of beasts


   Skills:
 * Level 18.3 Fighting
 * Level 19.3 Maces & Flails
 * Level 20.9 Armour
 + Level 12.9 Dodging
 + Level 13.6 Shields


You had 15 spell levels left.
You didn't know any spells.
Your spell library was empty.

Dungeon Overview and Level Annotations

Branches:
Dungeon (15/15)            Temple (0/1) D:5            Lair (5/5) D:8
 Shoals (0/4) Lair:2        Snake (0/4) Lair:2        Slime (0/5) Lair:4
    Orc (2/2) D:10            Elf (2/3) Orc:2        Vaults (0/5) D:14
 Depths (0/4) D:15         Bailey (visited)           IceCv (visited)

Altars:
Ashenzari
Dithmenos
Elyvilon
Fedhas
Kikubaaqudgha
Nemelex Xobeh
Okawaru
Sif Muna
Trog
Vehumet
Xom

Shops:
D:3 ?:=[   D:5 [*?   D:7 ?   D:8 *?*?   D:9 **[   Orc:2 ?[*=*


Innate Abilities, Weirdness & Mutations

You have a pair of horns on your head.
You reflexively headbutt those who attack you in melee.


Message History

The wolf spider hits you but does no damage.
The wolf spider closely misses you.
You sock the jorogumo! You freeze the jorogumo.
Your headbutt misses the jorogumo.
The jorogumo is heavily wounded.
The jorogumo hits you but does no damage.
The wolf spider hits you!
* * * LOW HITPOINT WARNING * * *
The wolf spider bites you but does no damage.
You barely miss the jorogumo. You headbutt the jorogumo!
The jorogumo is severely wounded.
You block the jorogumo's attack.
The wolf spider hits you but does no damage.
The wolf spider bites you but does no damage.
You sock the wolf spider! You freeze the wolf spider.
The wolf spider is moderately wounded.
The wolf spider hits you but does no damage.
The wolf spider bites you but does no damage.
The jorogumo closely misses you.
The deep elf knight casts a spell.
The deep elf knight seems to speed up.
You completely miss the wolf spider. You headbutt the wolf spider!!
The wolf spider is severely wounded.
The wolf spider hits you but does no damage.
The wolf spider bites you but does no damage.
The jorogumo closely misses you.
The deep elf zephyrmancer hits you with a +0 dagger.
* * * LOW HITPOINT WARNING * * *
You bludgeon the wolf spider!! You freeze the wolf spider.
You kill the wolf spider!
The wolf spider's corpse disappears in a puff of smoke!
The jorogumo hits you!
* * * LOW HITPOINT WARNING * * *
You suddenly lose the ability to move!
The jorogumo hits you!
* * * LOW HITPOINT WARNING * * *
The jorogumo changes into a great orb of eyes!
The deep elf knight points at you and mumbles some strange words.
The lance of force hits you!!
You die...

###+##
#>..=.
##.....
#.#
#......
#.#
#.....e
#.#
#......
#.#
#....G##
#.#
+...ee@##
#.#
#######.##
#.#
##ยง###'##
##'#...##
##.....##
#.....>.#
+.......#
#.......#
##<....##


You could see a great orb of eyes shaped shifter, a deep elf archer (repels
missiles), a deep elf knight (fast, invisible) and a deep elf zephyrmancer.

Vanquished Creatures
  A shard shrike (IceCv)
  Gastronok (Lair:1)
  A storm dragon (Elf:1)
  A shadow dragon (Elf:1)
  A deep elf sorcerer (Elf:1)
  An orc warlord (Orc:1)
  2 deep elf demonologists (Elf:1)
  A dire elephant (D:15)
  A white draconian (IceCv)
  Josephine (Lair:3)
  A deep elf high priest (Elf:1)
  2 fire dragons
  An ironbound frostheart (IceCv)
  2 vault guards (D:14)
  4 hydras
  2 ice dragons
  4 centaur warriors
  2 catoblepae
  2 boulder beetles
  7 two-headed ogres
  4 dancing weapons (Elf:1)
  5 orc high priests
  3 skysharks
  4 skeletal warriors (D:15)
  6 deep elf knights
  Nergalle (D:11)
  A sun demon (D:13)
  A swamp dragon (Lair:5)
  5 deep elf archers
  An orange crystal statue (IceCv)
  3 orc knights
  A lindwurm (Lair:4)
  15 ugly things
  A wizard (D:15)
  3 deep elf zephyrmancers
  12 deep elf pyromancers
  5 manticores
  5 orc sorcerers
  A salamander (Lair:2)
  5 cyclopes
  6 elephants
  2 black mambas (Lair:5)
  A torpor snail (Lair:4)
  7 cane toads
  2 gargoyles
  A kobold demonologist (D:10)
  2 unseen horrors (D:11)
  7 komodo dragons
  25 rime drakes
  An efreet (D:13)
  An ice devil (D:13)
  5 trolls
  A hornet (D:10)
  8 blink frogs (Lair:4)
  A hornet (shapeshifter) (Elf:1)
  21 polar bears
  Prince Ribbit (D:5)
  A dream sheep (Lair:5)
  A raiju (Lair:5)
  10 slime creatures
  A shadow (D:11)
  A centaur simulacrum (D:14)
  2 vampires
  An air elemental (Elf:1)
  57 yaks
  2 humans (D:10)
  3 water elementals
  5 basilisks
  5 wraiths (Lair:3)
  3 wyverns
  3 steam dragons
  A fire elemental (Elf:2)
  9 vampire mosquitoes
  9 wargs
  2 acid dragons (D:10)
  16 hell hounds (Lair:5)
  11 water moccasins
  2 ice beasts
  4 swamp drakes (Lair:5)
  29 orc warriors
  12 black bears
  A sky beast (D:8)
  9 ogres
  33 wolves
  23 centaurs
  A kobold brigand (D:10)
  2 gnoll sergeants
  6 bullfrogs
  A necrophage (D:7)
  2 earth elementals (Elf:1)
  2 scorpions
  10 killer bees
  3 howler monkeys
  6 electric eels
  4 crimson imps (D:13)
  2 lava snakes (Lair:2)
  3 hounds
  5 jellies
  16 orc priests
  Crazy Yiuf (D:5)
  8 iguanas
  A gnoll bouda (D:10)
  33 orc wizards
  9 hell rats
  21 gnolls
  12 adders
  5 white imps
  2 ufetubi (D:5)
  2 dart slugs
  97 orcs
  6 ball pythons
  5 bats
  2 endoplasms
  4 giant cockroaches
  6 hobgoblins
  4 jackals
  4 kobolds
  2 quokkas
  4 frilled lizards
  7 goblins
  2 rats (D:1)
  A butterfly (Lair:3)
769 creatures vanquished.

Vanquished Creatures (collateral kills)
  Frances (Elf:1)
  2 vault guards (D:14)
  3 deep elf zephyrmancers (Elf:1)
  An orc knight (Orc:2)
  2 deep elf archers (Elf:1)
  A deep elf pyromancer (Elf:1)
  10 orc warriors (Orc:2)
  An earth elemental (Elf:1)
  7 orcs
28 creatures vanquished.

Vanquished Creatures (others)
  An orc (D:6)
  A fungus (Lair:1)
  20 plants
22 creatures vanquished.

Grand Total: 819 creatures vanquished

Notes
Turn   | Place    | Note
-------+----------+-------------------------------------------
     0 | D:1      | a11behringer the Minotaur Berserker began the quest for the
                  | Orb.
     0 | D:1      | Reached XP level 1. HP: 19/19 MP: 0/0
   364 | D:1      | Reached XP level 2. HP: 24/27 MP: 1/1
   856 | D:2      | Upgraded the game from 0.30-a0-800-g7c544603b3 to
                  | 0.30-a0-808-g6e0788376e
   973 | D:2      | Reached ** piety under Trog
   974 | D:2      | Reached XP level 3. HP: 24/33 MP: 2/2
  1046 | D:2      | Identified the +11 mace "Hoffinits" {freeze, rPois rC++
                  | rCorr Dex-5}
  1085 | D:2      | Reached skill level 3 in Armour
  1121 | D:2      | Found a faded altar of an unknown god.
  1355 | D:2      | Reached XP level 4. HP: 40/40 MP: 3/3
  1536 | D:3      | Reached skill level 1 in Shields
  1559 | D:3      | Found Pad Syph's Book Boutique.
  1576 | D:3      | Reached skill level 5 in Maces & Flails
  1619 | D:3      | Found Nabucw's Jewellery Shop.
  1748 | D:3      | Reached XP level 5. HP: 39/47 MP: 2/4
  1779 | D:3      | Found Zabrinum's Armour Boutique.
  2022 | D:3      | Found Fenukouj's Magic Scroll Emporium.
  2028 | D:3      | Identified 3 scrolls of acquirement
  2253 | D:4      | Identified the ring "Unyl" {rCorr Str+4}
  2291 | D:4      | Reached XP level 6. HP: 53/53 MP: 5/5
  2469 | D:4      | Found a shadowy altar of Dithmenos.
  2474 | D:4      | Found a sparkling altar of Nemelex Xobeh.
  2737 | D:4      | Reached skill level 4 in Armour
  2841 | D:5      | Entered Level 5 of the Dungeon
  2841 | D:5      | Found a staircase to the Ecumenical Temple.
  2842 | D:5      | Noticed Prince Ribbit
  2851 | D:4      | Reached skill level 5 in Fighting
  2915 | D:5      | Reached XP level 7. HP: 61/61 MP: 4/6
  2921 | D:5      | Killed Prince Ribbit
  2965 | D:5      | Reached *** piety under Trog
  3058 | D:5      | Found Hugaosaf's Armour Shoppe.
  3211 | D:5      | Reached skill level 5 in Armour
  3211 | D:5      | Reached XP level 8. HP: 54/70 MP: 5/7
  3286 | D:5      | Found a runed translucent door.
  3287 | D:5      | Noticed Crazy Yiuf
  3362 | D:5      | Killed Crazy Yiuf
  3629 | D:5      | Found Lusyor's Magic Scroll Boutique.
  3766 | D:5      | Found Baakh's General Store.
  3796 | D:6      | Found an ancient bone altar of Kikubaaqudgha.
  3820 | D:6      | Reached skill level 5 in Dodging
  4029 | D:6      | Reached skill level 5 in Shields
  4349 | D:6      | Found a radiant altar of Vehumet.
  4671 | D:7      | Found Iqediapt's Magic Scroll Boutique.
  4679 | D:7      | Reached skill level 6 in Armour
  4698 | D:7      | Reached XP level 9. HP: 78/78 MP: 8/8
  4784 | D:7      | Reached **** piety under Trog
  5065 | D:8      | Found Yluomp's Magic Scroll Boutique.
  5069 | D:8      | Found Ilioq Uha's Magic Scroll Shoppe.
  5073 | D:8      | Found Muem's General Store.
  5073 | D:8      | Found Quill's General Store.
  5197 | D:3      | Bought the +0 mask of the Dragon {Will+ Slay+3 SInv} for
                  | 334 gold pieces
  5197 | D:3      | Found the +0 mask of the Dragon {Will+ Slay+3 SInv}
  5288 | D:8      | Found a staircase to the Lair.
  5290 | D:8      | Noticed a two-headed ogre
  5299 | D:8      | Killed a two-headed ogre
  5321 | D:8      | Reached skill level 10 in Maces & Flails
  5327 | D:8      | Found a broken altar of Ashenzari.
  5778 | D:8      | Reached skill level 7 in Armour
  5989 | D:9      | Found a white marble altar of Elyvilon.
  6048 | D:9      | Found a flagged portal.
  6059 | D:9      | Identified the +7 battleaxe of the Pit {freeze, Dex+6}
  6068 | Bailey   | Entered a bailey
  6200 | Bailey   | Noticed an orc knight
  6209 | Bailey   | Killed an orc knight
  6352 | Bailey   | Reached XP level 10. HP: 78/78 MP: 9/9
  6404 | D:9      | Found Uselel's Specific Store.
  6404 | D:9      | Found Zyelau Coamm's General Store.
  6466 | D:9      | Found a blossoming altar of Fedhas.
  6721 | D:9      | Reached skill level 8 in Armour
  6885 | D:9      | Found a shimmering altar of Xom.
  6921 | D:9      | Found Nuamirin's Armour Emporium.
  7201 | D:10     | Entered Level 10 of the Dungeon
  7231 | D:10     | Reached skill level 9 in Armour
  7289 | D:10     | Reached ***** piety under Trog
  7404 | D:10     | Reached XP level 11. HP: 85/95 MP: 8/10
  7602 | D:10     | Noticed a sun demon
  7752 | D:10     | Received a gift from Trog
  7928 | D:10     | Found an iron altar of Okawaru.
  7940 | D:10     | Reached skill level 10 in Armour
  7985 | D:10     | Found a shimmering blue altar of Sif Muna.
  8013 | D:10     | Found a staircase to the Orcish Mines.
  8213 | D:9      | Bought a +2 pair of gloves of dexterity for 236 gold pieces
  8301 | D:11     | Noticed a two-headed ogre
  8307 | D:11     | Killed a two-headed ogre
  8359 | D:11     | Noticed Nergalle
  8367 | D:11     | Killed Nergalle
  8735 | D:11     | Identified the +1 helmet of the Ditch-Digger {Str+4}
  9345 | D:11     | Acquired 848 gold pieces
  9347 | D:11     | Acquired a manual of Armour
  9569 | D:12     | Reached skill level 11 in Armour
  9757 | D:12     | Noticed a boulder beetle
  9773 | D:12     | Killed a boulder beetle
  9815 | D:12     | Reached skill level 10 in Fighting
  9899 | D:12     | Noticed a two-headed ogre
  9911 | D:12     | Killed a two-headed ogre
  9912 | D:12     | Reached XP level 12. HP: 106/106 MP: 11/11
  9915 | D:12     | Reached skill level 12 in Armour
  9986 | D:12     | Acquired 982 gold pieces
 10474 | D:13     | Noticed a centaur warrior
 10482 | D:13     | Killed a centaur warrior
 10672 | D:13     | Reached skill level 13 in Armour
 11170 | D:13     | Noticed an eight-headed hydra
 11188 | D:13     | HP: 7/160 [eight-headed hydra (9)]
 11189 | D:13     | Killed an eight-headed hydra
 11431 | D:14     | Noticed a two-headed ogre
 11437 | D:14     | Killed a two-headed ogre
 11673 | D:14     | Reached skill level 14 in Armour
 11673 | D:14     | Reached skill level 10 in Shields
 11693 | D:14     | Received a gift from Trog
 11814 | D:14     | Found a gate to the Vaults.
 11814 | D:14     | Noticed a two-headed ogre
 11814 | D:14     | Noticed a vault guard
 11814 | D:14     | Noticed a centaur warrior
 11814 | D:14     | Noticed a vault guard
 11814 | D:14     | Noticed a vault guard
 11814 | D:14     | Noticed a two-headed ogre
 11814 | D:14     | Noticed a vault guard
 11821 | D:14     | Killed a vault guard
 11825 | D:14     | Killed a centaur warrior
 11830 | D:14     | Killed a vault guard
 11834 | D:14     | Killed a vault guard
 11835 | D:14     | Reached skill level 15 in Maces & Flails
 11841 | D:14     | Killed a vault guard
 11842 | D:14     | Reached XP level 13. HP: 27/116 MP: 2/12
 11938 | D:14     | Reached skill level 10 in Dodging
 12084 | D:14     | Reached skill level 15 in Armour
 12653 | D:15     | Entered Level 15 of the Dungeon
 12893 | D:15     | Noticed a dire elephant
 12902 | D:15     | Reached skill level 16 in Armour
 12914 | D:15     | Killed a dire elephant
 12919 | D:15     | Found a staircase to the Depths.
 13106 | D:15     | Found a frozen archway.
 13117 | IceCv    | Entered an ice cave
 13199 | IceCv    | Noticed a white draconian
 13210 | IceCv    | Killed a white draconian
 13273 | IceCv    | Reached skill level 17 in Armour
 13417 | IceCv    | Identified the +3 shortbow of Yguar {drain, Dex+3}
 13730 | IceCv    | Noticed a shard shrike
 13750 | IceCv    | Killed a shard shrike
 13755 | IceCv    | Reached XP level 14. HP: 115/126 MP: 8/13
 13795 | IceCv    | Identified the ring of Spite {Str+5 Int+6 Dex+3}
 14007 | IceCv    | Reached skill level 18 in Armour
 14589 | D:5      | Bought a scroll of acquirement for 676 gold pieces
 14593 | D:5      | Acquired a manual of Fighting
 14660 | Lair:1   | Entered Level 1 of the Lair of Beasts
 14809 | Lair:1   | Noticed Gastronok
 14825 | Lair:1   | Killed Gastronok
 15746 | Lair:2   | Identified the +5 long sword of Yeast {drain, rC++ Will+
                  | Str+4}
 15902 | Lair:2   | Found a staircase to the Snake Pit.
 16051 | Lair:2   | Reached skill level 19 in Armour
 16285 | Lair:2   | Found a staircase to the Shoals.
 16517 | Lair:2   | Upgraded the game from 0.30-a0-808-g6e0788376e to
                  | 0.30-a0-830-gfe289a77b0
 16655 | Lair:3   | Noticed Josephine
 16665 | Lair:3   | Killed Josephine
 17456 | Lair:4   | Found a staircase to the Slime Pits.
 17705 | Lair:4   | Reached XP level 15. HP: 114/139 MP: 12/14
 18488 | Lair:5   | Entered Level 5 of the Lair of Beasts
 18627 | Lair:5   | Reached skill level 15 in Fighting
 18774 | Lair:5   | Received a gift from Trog
 19377 | Lair:5   | Reached skill level 20 in Armour
 19631 | Orc:1    | Entered Level 1 of the Orcish Mines
 19672 | Orc:1    | Reached ****** piety under Trog
 19810 | Orc:1    | Received a gift from Trog
 20169 | Orc:2    | Entered Level 2 of the Orcish Mines
 20581 | Orc:2    | Found a bloodstained altar of Trog.
 20585 | Orc:2    | Found a staircase to the Elven Halls.
 20687 | Orc:2    | Found Taxkerul's Jewellery Shoppe.
 20687 | Orc:2    | Found Enedwamp's General Store.
 20689 | Orc:2    | Found Zedoa's Armour Boutique.
 20691 | Orc:2    | Found Hats's Assorted Antiques.
 20766 | Orc:2    | Bought a potion of heal wounds for 170 gold pieces
 20766 | Orc:2    | Bought a potion of heal wounds for 170 gold pieces
 20923 | Orc:2    | Found Cunlud's Magic Scroll Shop.
 21293 | Elf:1    | Entered Level 1 of the Elven Halls
 21556 | Elf:1    | Received a gift from Trog
 21717 | Elf:1    | Noticed a deep elf sorcerer
 21725 | Elf:1    | Killed a deep elf sorcerer
 22185 | Elf:1    | Reached XP level 16. HP: 126/155 MP: 11/15
 22278 | Elf:1    | Paralysed by an air elemental for 1 turns
 22280 | Elf:1    | Paralysed by an air elemental for 1 turns
 22442 | Elf:1    | Noticed Frances
 22464 | Elf:1    | Killed Frances
 22621 | Elf:1    | Found a runed translucent gate.
 22621 | Elf:1    | Found a runed translucent gate.
 22621 | Elf:1    | Found a runed translucent gate.
 22621 | Elf:1    | Found a runed translucent gate.
 22621 | Elf:1    | Found a runed translucent gate.
 22624 | Elf:1    | Noticed a shadow dragon
 22624 | Elf:1    | Noticed a storm dragon
 22627 | Elf:1    | Found a runed translucent gate.
 22651 | Elf:1    | HP: 5/157 [deep elf knight (9)]
 22984 | Elf:1    | Killed a storm dragon
 23102 | Elf:1    | Killed a shadow dragon
 23449 | Elf:2    | Paralysed by a jorogumo for 2 turns
 23451 | Elf:2    | Killed from afar by a deep elf knight

Illustrated notes

Levels and vault maps discovered:
D:1:      minmay_arrival_three_doors, layout_loops_corners
D:2:      layout_loops_ring, ebering_ecumenical_altar_ruins,
          minmay_split_cup_small
D:3:      layout_loops_ring, serial_shops, shop, shop_fountains, shop,
          nicolae_square_shop
D:4:      layout_rooms, overflow_temple_1_default, old_standard_altar,
          kennysheep_donut
D:5:      layout_loops_ring, minmay_temple_entry_statues_fountains,
          serial_shops, kennysheep_mini, shop, shop_statue,
          serial_bayou_crossing, uniq_crazy_yiuf_cottage, uniq_prince_ribbit1
D:6:      layout_cave_pools, nicolae_kikubaaqudgha_miasma_corner,
          mainiacjoe_overflow_chevrons, minmay_misc_feat_four_crosses,
          kennysheep_boxes
D:7:      layout_cave_pools, serial_shops, nicolae_square_shop, nicolae_titane
D:8:      layout_basic, nicolae_ashenzari_skybound, lair_entry_dummy,
          nicolae_wooded_promenade, grunt_ministairs_11, minmay_misc_feat_plants
D:9:      layout_rooms, elyvilon_altar_4, lemuel_crystal_altar,
          amcnicky_altar_gilded, serial_shops, nicolae_take_the_stairs,
          enter_bailey_3, nicolae_specific_store
D:10:     layout_irregular_city, led_sif_pool, okawaru_humans, orc_0_dummy,
          minmay_joined_circles
D:11:     layout_basic, uniq_nergalle
D:12:     layout_roguey
D:13:     layout_irregular_city, minmay_fire_ice_demons
D:14:     layout_basic, lightli_vaults_fourway_checkpoint, serial_park_fountain
D:15:     hangedman_depths_entry_try_elsewhere_first, layout_basic,
          portal_ice_cave_entry_pillars_1, lemuel_flame_loot_1
Lair:1:   layout_regular_city, nzn_sisyphean_effort, lemuel_fruit_tree,
          uniq_gastronok
Lair:2:   layout_regular_city, elwin_shoals_entry_rooms,
          nicolae_snake_entry_warm_welcome
Lair:3:   layout_big_grid, lemuel_fruit_fields, grunt_megastairs_4,
          uniq_josephine
Lair:4:   layout_cave_pods, nicolae_slime_entry_field_trip, grunt_megastairs_2
Lair:5:   hangedman_lair_caniforms_friends, layout_hall_layers,
          guppyfry_lair_end_dragon, infiniplex_staircase_pool
Orc:1:    layout_caves
Orc:2:    st_orc_rangers, layout_diamond_mine, serial_shops,
          nicolae_square_shop, basic_altar, mines4_lemuel
Elf:1:    layout_loops_corners, orc_legates, uniq_frances
Elf:2:    nicolae_elf_blades_crystal_corner, layout_geoelf_diagonals

Skill      XL: |  1  2  3  4  5  6  7  8  9 10 11 12 13 14 15 16 |
---------------+-------------------------------------------------+-----
Maces & Flails | 4 5 6 7 9 10 12 13 15 16 17 18 19 | 19.3
Fighting       | 4 5 6 7 8 10 11 12 14 17 18 | 18.3
Armour         | 3 4 5 6 7 9 11 14 17 19 20 | 20.9
Dodging        | 3 4 5 6 7 9 10 11 12 | 12.9
Shields        | 1 2 3 4 5 6 7 9 10 11 12 13 | 13.6

Action                     |  1- 3 |  4- 6 |  7- 9 | 10-12 | 13-15 | 16-18 || total
---------------------------+-------+-------+-------+-------+-------+-------++-------
  Melee: Mace              |    61 |    58 |   161 |   430 |  1136 |   124 ||  1970
         Headbutt          |     2 |     5 |    20 |    86 |   264 |    30 ||   407
 Invoke: Berserk           |       |     1 |     2 |     6 |     7 |     4 ||    20
         Trog's Hand       |       |       |     3 |     5 |     8 |     4 ||    20
         Brothers in Arms  |       |       |       |     2 |     3 |     5 ||    10
    Use: Scroll            |       |     4 |     6 |     7 |    17 |       ||    34
         Potion            |       |       |       |       |     2 |     3 ||     5
 Armour: Animal skin       |     5 |       |       |       |       |       ||     5
         Leather armour    |    11 |       |       |       |       |       ||    11
         Ring mail         |    25 |       |       |       |       |       ||    25
         Chain mail        |       |    34 |    88 |   217 |       |       ||   339
         Plate armour      |       |       |       |    26 |   208 |       ||   234
         Crystal plate arm |       |       |       |       |   492 |    97 ||   589
  Dodge: Dodged            |    47 |    29 |    88 |   203 |   471 |    67 ||   905
  Block: Buckler           |     1 |     4 |    40 |    16 |       |       ||    61
         Kite shield       |       |       |       |   204 |   766 |   103 ||  1073

Table legend: (Time is in decaauts)
 A = Elapsed time spent in this place.
 B = Non-inter-level travel time spent in this place.
 C = Inter-level travel time spent in this place.
 D = Time resting spent in this place.
 E = Time spent auto-exploring this place.
 F = Levels seen in this place.
 G = Mean time per level.
                   A        B        C        D        E       F      G
               +--------+--------+--------+--------+--------+-----+--------+
         Total |  23468 |  21333 |   2135 |      0 |  17367 |  26 |  902.6 |
       Dungeon |  13305 |  11872 |   1433 |      0 |  10034 |  15 |  887.0 |
          Lair |   4886 |   4444 |    442 |      0 |   3559 |   5 |  977.2 |
  Orcish Mines |   1641 |   1493 |    148 |      0 |   1140 |   2 |  820.5 |
   Elven Halls |   2145 |   2034 |    111 |      0 |   1647 |   2 | 1072.5 |
        Bailey |    333 |    333 |      0 |      0 |    205 |   1 |  333.0 |
      Ice Cave |   1156 |   1156 |      0 |      0 |    780 |   1 | 1156.0 |
               +--------+--------+--------+--------+--------+-----+--------+

Top non-repeatable levels by time:
   Elf:1: 2094 daAuts
    D:13: 1452 daAuts
    D:14: 1230 daAuts
   IceCv: 1156 daAuts
    D:11: 1150 daAuts
   Orc:2: 1113 daAuts
  Lair:4: 1097 daAuts
    D:10: 1077 daAuts
  Lair:1: 1058 daAuts
     D:5: 1038 daAuts
  Lair:5: 957 daAuts
     D:9: 938 daAuts
  Lair:2: 910 daAuts
     D:6: 877 daAuts
     D:1: 873 daAuts
